 Dungeon Crawl Stone Soup version 0.28-a0-1447-ga5a8893891 (webtiles) character file.

Game seed: 5414048638739157755

238 testman the Conjurer (level 5, 0/38 HPs)
             Began as a Draconian Conjurer on Jan 11, 2022.
             Slain by ytrimaz's ghost (6 damage)
             ... on level 3 of the Dungeon.
             The game lasted 00:17:35 (3721 turns).

testman the Conjurer (Draconian Conjurer)           Turns: 3721, Time: 00:17:35

Health: 0/38       AC:  6    Str:  9    XL:     5   Next: 78%
Magic:  1/9        EV: 12    Int: 21    God:
Gold:   89         SH:  0    Dex:  9    Spells: 4/10 levels left

rFire   . . .      SeeInvis .   c - +0 mace (protect)
rCold   . . .      Faith    .   (no shield)
rNeg    . . .      Spirit   .   (armour unavailable)
rPois   .          Reflect  .   (helmet restricted)
rElec   .          Harm     .   k - +0 cloak
rCorr   .          Rampage  .   (no gloves)
Will    .....                   (no boots)
Stlth   ++........              (no amulet)
HPRegen 0.12/turn               (no ring)
MPRegen 0.11/turn               (no ring)

@: no status effects
A: AC +5, unfitting armour, cold-blooded
a: no special abilities


You were on level 3 of the Dungeon.
You visited 1 branch of the dungeon, and saw 3 of its levels.

You collected 89 gold pieces.

Inventory:

Hand Weapons
 a - a +0 dagger
 c - a +0 mace of protection (weapon)
Missiles
 d - 131 stones
Armour
 k - a +0 cloak (worn)
Magical Staves
 f - a staff of poison
Wands
 n - a wand of mindburst (17)
Scrolls
 b - a scroll of amnesia {unknown}
 e - 4 scrolls of identify {unknown}
 h - a scroll of holy word {unknown}
 i - a scroll of teleportation {unknown}
 j - a scroll of brand weapon {unknown}
 l - a scroll of enchant armour {unknown}
Potions
 g - a potion of heal wounds {unknown}
 m - a potion of might {unknown}
 o - a potion of berserk rage {unknown}


   Skills:
 - Level 1.7 Dodging
 - Level 1.7 Stealth
 - Level 3.0 Spellcasting
 + Level 6.1 Conjurations
 - Level 2.0 Hexes


You had 4 spell levels left.
You knew the following spells:

 Your Spells              Type           Power      Damage    Failure   Level
a - Magic Dart            Conj           100%       1d8       1%          1
b - Searing Ray           Conj           58%        2d6       1%          2
c - Dazzling Flash        Conj/Hex       40%        N/A       8%          3

Your spell library contained the following spells:

 Spells                   Type           Power      Damage    Failure   Level
 Fulminant Prism          Conj/Hex       10%        3d9       24%         4
 Iskenderun's Mystic Bla  Conj/Tloc      16%        2d5       36%         4


Dungeon Overview and Level Annotations

Branches:
Dungeon (3/15)

Altars:
Qazlal
Uskayaw

Annotations:
D:3 ytrimaz's ghost, amateur OpTm


Innate Abilities, Weirdness & Mutations

Your plain brown scales are hard. (AC +5)
You cannot fit into any form of body armour.
You are cold-blooded and may be slowed by cold attacks.


Message History

Aim: ytrimaz's ghost (heavily damaged, 71% to hit)
Okay, then.
Casting: Searing Ray (safe; 1% risk of failure)
Confirm with . or Enter, or press ? or * to list all spells.
Aiming: Searing Ray (safe; 1% risk of failure)
Press: ? - help, Shift-Dir - straight line, f/p - ytrimaz's ghost
Aim: ytrimaz's ghost (heavily damaged, 71% to hit)
Okay, then.
Unknown command.
You hit ytrimaz's ghost.
Your weapon exudes an aura of protection.
Ytrimaz's ghost is severely damaged.
Ytrimaz's ghost whispers, "The ORB doesn't exist."
Ytrimaz's ghost hits you but does no damage.
Ytrimaz's ghost hits you.
Casting: Searing Ray (safe; 1% risk of failure)
Confirm with . or Enter, or press ? or * to list all spells.
Aiming: Searing Ray (safe; 1% risk of failure)
Press: ? - help, Shift-Dir - straight line, f/p - ytrimaz's ghost
Aim: ytrimaz's ghost (severely damaged, 71% to hit)
The searing ray hits ytrimaz's ghost!
Ytrimaz's ghost is almost destroyed. (Press . to maintain the ray.) Ytrimaz's ghost misses you.
Without enough magic to sustain it, your searing ray dissipates.
Ytrimaz's ghost hits you.
Your magical contamination has completely faded away.
Casting: Searing Ray (safe; 1% risk of failure)
Confirm with . or Enter, or press ? or * to list all spells.
You don't have enough magic to cast this spell.
You barely miss ytrimaz's ghost.
Ytrimaz's ghost is almost destroyed.
Ytrimaz's ghost hits you.
* * * LOW HITPOINT WARNING * * *
You closely miss ytrimaz's ghost.
Your tail-slap misses ytrimaz's ghost.
Ytrimaz's ghost is almost destroyed.
Ytrimaz's ghost hits you.
* * * LOW HITPOINT WARNING * * *
Ytrimaz's ghost hits you.
You die...

..# #.# #.#.#.#.# #.# ..#
#.# #.#.#.#.# #.# ..# #.#
#.#.#.#.# #.# ..# #.#
#.#.#.#.# #.# .(######
#.###.#.#.#.# #.#
.......# #.#...#.#.#.#
#.# .......#
##.#.#.#.#.#.# #.#
#####..# #........#.#.#
#.#
#$((#..#####....@...#.#.#
#.#
#?$$#.....>###''W####.#.#
#.#
#"?)#...####(....(.#..#.#
#.# #####...#
#..♣....####.# #)#
........# #....(..#....#
#.#
........####((.....######
#.# ##.####....#...(.(.#
#.# #..# #....#########
#.# ##.###.......# #.#


You could see ytrimaz's ghost.

Vanquished Creatures
  2 orc priests (D:3)
  An orc wizard (D:3)
  4 gnolls (D:2)
  3 adders
  An ufetubus (D:3)
  3 worms
  A dart slug (D:1)
  6 orcs (D:3)
  7 ball pythons
  4 bats
  5 endoplasms
  A giant cockroach (D:1)
  9 goblins
  7 hobgoblins
  2 kobolds
  A quokka (D:1)
  2 frilled lizards
  8 rats
67 creatures vanquished.

Notes
Turn   | Place    | Note
-------+----------+-------------------------------------------
     0 | D:1      | testman the Draconian Conjurer began the quest for the Orb.
     0 | D:1      | Reached XP level 1. HP: 14/14 MP: 3/3
   339 | D:1      | Reached XP level 2. HP: 12/20 MP: 5/5
   342 | D:1      | Learned a level 2 spell: Searing Ray
  1398 | D:1      | Reached XP level 3. HP: 26/26 MP: 5/7
  1402 | D:1      | Learned a level 3 spell: Dazzling Flash
  1783 | D:2      | Found a hide-covered altar of Uskayaw.
  1929 | D:2      | Reached skill level 1 in Hexes
  1929 | D:2      | Reached XP level 4. HP: 33/33 MP: 4/8
  2218 | D:2      | Reached skill level 5 in Conjurations
  2482 | D:3      | Found a stormy altar of Qazlal.
  2611 | D:3      | Reached XP level 5. HP: 24/38 MP: 2/9
  2810 | D:3      | Found a runed translucent gate.
  2811 | D:3      | Found a runed translucent gate.
  2811 | D:3      | Found a runed translucent gate.
  2811 | D:3      | Noticed ytrimaz's ghost (amateur OpTm)
  3130 | D:3      | Reached skill level 6 in Conjurations
  3721 | D:3      | Slain by ytrimaz's ghost

Illustrated notes

Levels and vault maps discovered:
D:1:      minmay_arrival_doors, layout_basic, chequers_serial_rivers_large_b
D:2:      layout_loops_ring, basic_altar, minmay_misc_feat_iff
D:3:      layout_basic, mainiacjoe_overflow_tiny_flanked,
          ebering_ghost_rock_garden, due_unseen_surprise

Skill      XL: |  1  2  3  4  5 |
---------------+----------------+-----
Spellcasting   | 3 |  3.0
Hexes          | 1 2 |  2.0
Conjurations   | 5 6 |  6.1
Dodging        | |  1.7
Stealth        | |  1.7

Action                   |  1- 3 |  4- 6 || total
-------------------------+-------+-------++-------
Melee: Unarmed           |    12 |       ||    12
       Dagger            |    17 |       ||    17
       Tailslap          |     3 |     1 ||     4
       Mace              |     3 |    33 ||    36
 Cast: Magic Dart        |    37 |    20 ||    57
       Searing Ray       |     8 |    17 ||    25
 Stab: Sleeping          |     2 |     4 ||     6
Armor: Skin              |     4 |    21 ||    25
Dodge: Dodged            |    14 |    29 ||    43

Table legend: (Time is in decaauts)
 A = Elapsed time spent in this place.
 B = Non-inter-level travel time spent in this place.
 C = Inter-level travel time spent in this place.
 D = Time resting spent in this place.
 E = Time spent auto-exploring this place.
 F = Levels seen in this place.
 G = Mean time per level.
                   A        B        C        D        E       F      G
               +--------+--------+--------+--------+--------+-----+--------+
         Total |   3758 |   3714 |     44 |   1295 |   1945 |   3 | 1252.7 |
       Dungeon |   3758 |   3714 |     44 |   1295 |   1945 |   3 | 1252.7 |
               +--------+--------+--------+--------+--------+-----+--------+

Top non-repeatable levels by time:
     D:1: 1551 daAuts
     D:3: 1352 daAuts
     D:2: 854 daAuts
